 Dungeon Crawl Stone Soup version 0.31-a0-523-g071a6c1ffa (webtiles) character file.

Game seed: 14863407758886282887

86 GordonOverkill the Sneak (level 4, -1/23 HPs)
             Began as a Vine Stalker Delver on Aug 10, 2023.
             Slain by an ufetubus (3 damage)
             ... on level 5 of the Dungeon.
             The game lasted 00:00:39 (83 turns).

GordonOverkill the Sneak (Vine Stalker Delver)        Turns: 83, Time: 00:00:40

Health: -1/23      AC:  3    Str: 16    XL:     4   Next: 50%
Magic:  0/5        EV: 11    Int: 10    God:
Gold:   6          SH:  0    Dex: 16    Spells: 3/3 levels left

rFire   . . .        a - +0 mace
rCold   . . .        (no shield)
rNeg    . . .        b - +0 leather armour
rPois   .            (no helmet)
rElec   .            (no cloak)
rCorr   .            (no gloves)
SInv    .            (no boots)
Will    .....        (no amulet)
Stlth   +++          (no ring)
HPRegen 1.03/turn    (no ring)
MPRegen 0.09/turn

%: guardian spirit
@: no status effects
A: fangs 2, regeneration 1, magic shield, antimagic bite, no potion heal 2
a: no special abilities


You were on level 5 of the Dungeon.
You visited 1 branch of the dungeon, and saw 2 of its levels.

You collected 6 gold pieces.

Inventory:

Hand Weapons
 a - a +0 mace (weapon)
Armour
 b - a +0 leather armour (worn)
Wands
 g - a wand of digging (3)
 i - a wand of light (2)
Scrolls
 c - a scroll of fog
 d - a scroll of revelation
 e - a scroll of fear
 h - a scroll of torment {unknown}
Potions
 f - a potion of haste


   Skills:
 - Level 2.6 Fighting
 + Level 4.2 Maces & Flails
 - Level 1.5 Dodging
 - Level 6.0 Stealth


You had 3 spell levels left.
You didn't know any spells.
Your spell library was empty.

Dungeon Overview and Level Annotations

Branches:
Dungeon (6/15)
 Temple: D:4-7

Altars:


Innate Abilities, Weirdness & Mutations

You have extremely sharp teeth.
Your natural rate of healing is unusually fast.
When hurt, damage is shared between your health and your magic reserves.
Your bite disrupts and absorbs the magic of your enemies.
Potions cannot restore your health.


Message History

There is a stone staircase leading down here.
You hit the ufetubus but do no damage. The ufetubus barely misses you. x2
You miss the ufetubus. Your bite misses the ufetubus.
The ufetubus barely misses you. The ufetubus hits you. The ufetubus misses you.
The ufetubus hits you.
* * * LOW HITPOINT WARNING * * *
You miss the ufetubus. You bite the ufetubus. You drain its power.
You feel invigorated.
The ufetubus is moderately wounded.
The ufetubus closely misses you. The ufetubus hits you.
* * * LOW HITPOINT WARNING * * *
The ufetubus hits you.
* * * LOW HITPOINT WARNING * * *
The ufetubus hits you.
* * * LOW HITPOINT WARNING * * *
You hit the ufetubus.
You bite the ufetubus, but do no damage.
The ufetubus is almost dead.
The ufetubus closely misses you. The ufetubus barely misses you.
The ufetubus hits you but does no damage.
The ufetubus hits you.
* * * LOW HITPOINT WARNING * * *
You completely miss the ufetubus. Your bite misses the ufetubus.
The ufetubus is almost dead.
The ufetubus closely misses you. x2; The ufetubus hits you.
* * * LOW HITPOINT WARNING * * *
The ufetubus hits you.
You closely miss the ufetubus.
You bite the ufetubus, but do no damage.
The ufetubus is almost dead.
The ufetubus misses you. The ufetubus hits you.
* * * LOW HITPOINT WARNING * * *
You barely miss the ufetubus.
The ufetubus is almost dead.
The ufetubus completely misses you. The ufetubus hits you.
* * * LOW HITPOINT WARNING * * *
The ufetubus hits you.
* * * LOW HITPOINT WARNING * * *
The ufetubus hits you.
You die...

#.# ####'######
#.........#
#.........+
#.........#
#.........#
#.........#
#.......5.#
#.......@.#
#..)......#####
#####.........#
##.....##.#
#.)...# #.....#
#.###.# #.# ...
#.# ###.


You could see an ufetubus.

Vanquished Creatures
  An ogre (D:5)
  An orc (D:5)
2 creatures vanquished.

Notes
Turn   | Place    | Note
-------+----------+-------------------------------------------
     0 | D:5      | GordonOverkill the Vine Stalker Delver began the quest for
                  | the Orb.
     0 | D:5      | Reached XP level 1. HP: 11/11 MP: 2/2
    15 | D:5      | Noticed an ogre
    64 | D:5      | Killed an ogre
    65 | D:5      | Reached XP level 2. HP: 16/16 MP: 3/3
    65 | D:5      | Reached XP level 3. HP: 19/19 MP: 4/4
    65 | D:5      | Gained mutation: Your natural rate of healing is unusually
                  | fast. [Vine Stalker growth]
    65 | D:5      | Reached XP level 4. HP: 23/23 MP: 5/5
    83 | D:5      | Slain by an ufetubus

Illustrated notes

Levels and vault maps discovered:
D:5:      layout_basic
D:6:      layout_basic

Skill      XL: |  1 |
---------------+----+-----
Maces & Flails | 4 |  4.2
Fighting       | |  2.6
Dodging        | |  1.5
Stealth        | |  6.0

Action                     |  1- 3 |  4- 6 || total
---------------------------+-------+-------++-------
  Melee: Mace              |     7 |     8 ||    15
         Bite              |     4 |     3 ||     7
  Evoke: Wand              |     2 |       ||     2
 Armour: Leather armour    |       |     1 ||     1
  Dodge: Dodged            |     6 |    18 ||    24

Table legend: (Time is in decaauts)
 A = Elapsed time spent in this place.
 B = Non-inter-level travel time spent in this place.
 C = Inter-level travel time spent in this place.
 D = Time resting spent in this place.
 E = Time spent auto-exploring this place.
 F = Levels seen in this place.
 G = Mean time per level.
                   A        B        C        D        E       F      G
               +--------+--------+--------+--------+--------+-----+--------+
         Total |     86 |     86 |      0 |      0 |      0 |   2 |   43.0 |
       Dungeon |     86 |     86 |      0 |      0 |      0 |   2 |   43.0 |
               +--------+--------+--------+--------+--------+-----+--------+

Top non-repeatable levels by time:
     D:5: 79 daAuts
     D:6: 6 daAuts
